 Dungeon Crawl Stone Soup version 0.22.0-32-gbc6daba (webtiles) character file.

3176 iamserjio the Grappler (level 9, -18/84 HPs)
             Began as a Troll Fighter on Aug 23, 2018.
             Was a Follower of Cheibriados.
             Demolished by a crocodile (19 damage)
             ... on level 2 of the Lair of Beasts.
             The game lasted 00:12:43 (2207 turns).

iamserjio the Grappler (Troll Fighter)              Turns: 2207, Time: 00:12:43

Health: -18/84     AC:  8    Str: 28    XL:     9   Next: 63%
Magic:  10/10      EV:  9    Int:  9    God:    Cheibriados [*.....]
Gold:   314        SH: 15    Dex: 11    Spells: 8/8 levels left

rFire    . . .     SeeInvis .     - Unarmed
rCold    . . .     Gourm    +   o - +0 large shield
rNeg     . . .     Faith    .   a - +0 robe
rPois    .         Spirit   .   (helmet restricted)
rElec    .         Reflect  .   B - +2 cloak
rCorr    .         Harm     .   (gloves unavailable)
MR       .....                  (boots unavailable)
Stlth    +.........             (no amulet)
HPRegen  0.64/turn              l - +3 ring of evasion
MPRegen  0.12/turn              (no ring)

@: very slow
A: large, unfitting armour, claws 3, fast metabolism 3, gourmand, regeneration
1, shaggy fur 1, tough skin 2
a: Bend Time, Renounce Religion


You were on level 2 of the Lair of Beasts.
You worshipped Cheibriados.
Cheibriados was aware of your devotion.
You were not hungry.

You visited 3 branches of the dungeon, and saw 12 of its levels.
You also visited: Ossuary.

You collected 314 gold pieces.

Inventory:

Armour
 a - a +0 robe (worn)
 b - a +0 shield
 o - a +0 large shield (worn)
 p - a +0 cloak
 B - a +2 cloak (worn)
Magical Staves
 q - a cursed staff of cold {unknown}
 x - an uncursed staff of power {unknown}
Jewellery
 l - a +3 ring of evasion (left claw)
Wands
 n - a wand of enslavement (10)
Scrolls
 h - a scroll of enchant armour
 m - a scroll of noise {unknown}
 u - a scroll of blinking
 v - 3 scrolls of remove curse {@r2}
 w - a scroll of vulnerability
 y - a scroll of teleportation
 z - 2 scrolls of immolation {unknown}
Potions
 c - a potion of might
 e - 3 potions of flight
 f - a potion of invisibility
 g - 2 potions of curing {@q1}
 i - 2 potions of heal wounds {unknown}
 j - 2 potions of haste
 k - a potion of mutation {unknown}
 r - 2 potions of agility
 s - a potion of brilliance {unknown}
 t - a potion of lignification {unknown}
 A - a potion of degeneration {unknown}
Comestibles
 d - 7 rations


   Skills:
 + Level 3.8 Fighting
 - Level 2.4 Dodging
 + Level 3.8 Shields
 + Level 12.0 Unarmed Combat
 + Level 2.9 Invocations


You had 8 spell levels left.
You didn't know any spells.
Your spell library was empty.

Dungeon Overview and Level Annotations

Branches:
Dungeon (8/15)             Temple (1/1) D:7            Lair (3/6) D:8
  Swamp: Lair:2-4    Shoals: Lair:2-4     Snake: Lair:2-4    Spider: Lair:2-4

Altars:
Cheibriados
Dithmenos
Fedhas
Gozag
Hepliaklqana
Kikubaaqudgha
Nemelex Xobeh
Okawaru
Qazlal
Ru
Trog
Uskayaw
Vehumet
Wu Jian
Yredelemnul
Zin
The Shining One

Annotations:
Lair:2 exclusion: oklob plant


Innate Abilities, Weirdness & Mutations

You are too large for most types of armour.
You have claws for hands.
Your metabolism is lightning-fast.
You like to eat raw meat.
Your natural rate of healing is unusually fast.
You are covered in fur. (AC +1)
You have very tough skin. (AC +2)


Message History

You eat one of the 8 rations.
That ration really hit the spot!
Really walk into a travel-excluded area?
The oklob plant spits acid at you. You block the splash of acid.
The oklob plant spits acid at you. The splash of acid hits you!
You are splashed with acid!
The acid burns!
Found a sparkling altar of Nemelex Xobeh.
The oklob plant spits acid at you. The splash of acid hits you!
* * * LOW HITPOINT WARNING * * *
The acid corrodes you!
You are splashed with acid!
The acid burns!
* * * LOW HITPOINT WARNING * * *
A crocodile comes into view.
You are no longer corroded.
You closely miss the crocodile. The crocodile bites you!
* * * LOW HITPOINT WARNING * * *
You scratch the crocodile but do no damage.
The crocodile bites you!!
You die...

......####...........##
......# #.#.........P#
.....## ###.........#
.....# ##........#
#....# ##.......##
P..... ##.....#.#
#...P# #.......# ###.##
##......# .. #.@#..##
#.t.### P...## #....#
....... ........
......... ........#.


You could see a crocodile.

Vanquished Creatures
  A two-headed ogre (D:8)
  Pikel (D:7)
  Joseph (D:7)
  A water moccasin (Lair:2)
  Duvessa (D:7)
  An orc warrior (D:7)
  An ice beast (D:7)
  A slave (D:7)
  An ogre (D:7)
  3 wolves (Lair:2)
  A centaur (D:7)
  A bullfrog (Lair:3)
  An elf zombie (Ossuary)
  Dowan (D:7)
  5 wights (D:8)
  2 crimson imps
  An orc priest (D:3)
  A jelly (D:5)
  Crazy Yiuf (D:7)
  2 centaur skeletons
  3 hounds
  A human zombie (Ossuary)
  2 big kobold zombies (Ossuary)
  5 mummies
  A worker ant zombie (D:5)
  4 gnolls (D:5)
  4 adders
  A shadow imp (D:5)
  An ooze (D:2)
  2 adder zombies
  2 worms (D:3)
  A dart slug (D:4)
  3 leopard geckos
  6 orcs
  9 bats
  A giant cockroach (D:4)
  4 goblins
  2 hobgoblins (D:2)
  9 jackals
  A quokka (D:3)
  A ball python (D:3)
  4 frilled lizards
  A goblin zombie (Ossuary)
  A hobgoblin zombie (Ossuary)
  A jackal zombie (Ossuary)
  11 kobolds
  A kobold zombie (Ossuary)
  A leopard gecko skeleton (D:4)
  A leopard gecko zombie (D:8)
  4 orc zombies
  A quokka skeleton (D:5)
  6 rats
  A rat zombie (Ossuary)
  A fungus (D:7)
125 creatures vanquished.

Vanquished Creatures (others)
  A slave (D:7)
1 creature vanquished.

Grand Total: 126 creatures vanquished

Notes
Turn   | Place    | Note
-------+----------+-------------------------------------------
     0 | D:1      | iamserjio the Troll Fighter began the quest for the Orb.
     0 | D:1      | Reached XP level 1. HP: 22/22 MP: 0/0
   181 | D:1      | Reached XP level 2. HP: 27/29 MP: 1/1
   221 | D:1      | Reached skill level 3 in Unarmed Combat
   423 | D:2      | Reached XP level 3. HP: 34/36 MP: 2/2
   481 | D:2      | Reached skill level 4 in Unarmed Combat
   506 | D:3      | Reached XP level 4. HP: 24/44 MP: 3/3
   703 | D:3      | Found a sacrificial altar of Ru.
   821 | D:4      | Reached skill level 5 in Unarmed Combat
   925 | D:5      | Entered Level 5 of the Dungeon
   973 | D:5      | Reached XP level 5. HP: 48/50 MP: 4/4
  1043 | D:5      | Reached skill level 6 in Unarmed Combat
  1075 | D:5      | Reached XP level 6. HP: 42/59 MP: 5/5
  1093 | D:5      | Found a hide-covered altar of Uskayaw.
  1140 | D:5      | Found a sand-covered staircase.
  1146 | Ossuary  | Entered an ossuary
  1162 | Ossuary  | Reached skill level 7 in Unarmed Combat
  1337 | Ossuary  | Paralysed by fainting for 12 turns
  1354 | Ossuary  | Paralysed by fainting for 7 turns
  1416 | D:6      | Reached XP level 7. HP: 66/66 MP: 6/6
  1466 | D:6      | Found an ornate altar of the Wu Jian Council.
  1505 | D:7      | Reached skill level 8 in Unarmed Combat
  1535 | D:7      | Noticed Pikel
  1547 | D:7      | Killed Pikel
  1547 | D:7      | Reached skill level 10 in Unarmed Combat
  1547 | D:7      | Reached XP level 8. HP: 63/74 MP: 7/7
  1564 | D:7      | Found a staircase to the Ecumenical Temple.
  1585 | Temple   | Entered the Ecumenical Temple
  1594 | Temple   | Became a worshipper of Cheibriados the Contemplative
  1680 | D:7      | Noticed Duvessa
  1681 | D:7      | Noticed Dowan
  1696 | D:7      | Killed Duvessa
  1710 | D:7      | Killed Dowan
  1772 | D:7      | Found a runed door.
  1776 | D:7      | Noticed Crazy Yiuf
  1782 | D:7      | Killed Crazy Yiuf
  1894 | D:7      | Found a glowing golden altar of the Shining One.
  1896 | D:7      | Noticed Joseph
  1909 | D:7      | Killed Joseph
  1909 | D:7      | Reached skill level 11 in Unarmed Combat
  1934 | D:7      | Found a sacrificial altar of Ru.
  1974 | D:7      | Found a blossoming altar of Fedhas.
  2014 | D:8      | Reached XP level 9. HP: 80/80 MP: 8/8
  2028 | D:8      | Found a staircase to the Lair.
  2046 | D:8      | Reached skill level 1 in Invocations
  2063 | D:8      | Noticed a two-headed ogre
  2076 | D:8      | Killed a two-headed ogre
  2089 | Lair:1   | Entered Level 1 of the Lair of Beasts
  2123 | Lair:3   | Noticed an eight-headed hydra
  2160 | Lair:1   | You fall through a shaft!
  2171 | Lair:2   | Reached skill level 12 in Unarmed Combat
  2183 | Lair:2   | Reached * piety under Cheibriados
  2187 | Lair:2   | Noticed an oklob plant
  2191 | Lair:2   | Found a sparkling altar of Nemelex Xobeh.
  2206 | Lair:2   | HP: 1/84 [crocodile (16)]
  2207 | Lair:2   | Demolished by a crocodile

Skill      XL: |  1  2  3  4  5  6  7  8  9 |
---------------+----------------------------+-----
Unarmed Combat | 3 4 5 6 7 10 11 12 | 12.0
Invocations    | 2 |  2.9
Fighting       | 3 |  3.8
Shields        | 3 |  3.8
Dodging        | |  2.4

Action                   |  1- 3 |  4- 6 |  7- 9 || total
-------------------------+-------+-------+-------++-------
Melee: Unarmed           |    87 |   188 |   149 ||   424
Evoke: Wand              |       |       |    10 ||    10
  Use: Scroll            |       |       |     7 ||     7
       Potion            |       |       |     5 ||     5
 Stab: Sleeping          |     1 |       |       ||     1
       Paralysed         |       |       |     8 ||     8
       Invisible         |       |       |     3 ||     3
  Eat: Chunk             |     2 |     2 |     6 ||    10
       Ration            |       |     2 |     1 ||     3
Armor: Robe              |    34 |   124 |    24 ||   182
Dodge: Dodged            |    28 |    91 |    40 ||   159
Block: Shield            |    49 |    13 |       ||    62
       Large shield      |       |   190 |    99 ||   289
